AoeStats
← jeff224171

Arabia

509863888Analyzed
2v2 RM · 3d ago on Sep 28, 2026· 48m 52s· 4 players
Game mode
Random Map
Map size
Medium (4 player)
Population
200
Speed
Normal
Resources
Standard
Victory
Conquest
Starting age
Dark Age
Ending age
Imperial Age
RankedLock teamsTeams togetherTeam positionsShared explorationLock speedFull tech treeHidden civsTurbo modeCheats
Victory
Defeat
🇹🇼 Tatars · Taiwan
1340
+20
🇹🇼 Turks · Taiwan
1339
+20
🇹🇼 Ethiopians · Taiwan
1457
-22
🇨🇳 Persians · China
1384
-18
秦墨子
5:48 Loom
8:28 Feudal Age
11:53 Forging
17:36 Scale Barding Armor
21:10 Gold Mining
27:35 Castle Age
25:49 Scale Mail Armor
28:04 Wheelbarrow
27:39 Horse Collar
27:45 Double-Bit Axe
27:24 Pikeman
28:06 Squires
32:17 Husbandry
33:22 Hand Cart
40:38 Imperial Age
38:33 Bloodlines
38:18 Stone Mining
38:29 Town Watch
39:40 Heavy Plow
40:12 Ballistics
40:36 Iron Casting
40:19 Heavy Camel Rider
41:56 Chain Barding Armor
42:36 Conscription
41:37 Cavalier
48:31 Arson
48:37 Halberdier
No_English
7:03 Loom
9:30 Feudal Age
10:15 Double-Bit Axe
13:31 Wheelbarrow
15:22 Fletching
17:21 Padded Archer Armor
25:40 Castle Age
23:50 Gold Mining
24:17 Stone Mining
25:43 Crossbowman
26:20 Bodkin Arrow
27:49 Leather Archer Armor
29:40 Ballistics
29:18 Town Watch
31:17 Hand Cart
31:51 Thumb Ring
44:46 Imperial Age
44:06 Gold Shaft Mining
43:18 Elite Skirmisher
45:55 Stone Shaft Mining
44:58 Arbalester
45:49 Bracer
jeff224171
5:06 Loom
9:30 Feudal Age
10:02 Double-Bit Axe
12:58 Padded Archer Armor
12:50 Fletching
13:13 Horse Collar
16:12 Padded Archer Armor
23:29 Castle Age
21:46 Gold Mining
23:26 Wheelbarrow
22:53 Stone Mining
24:22 Bow Saw
24:12 Bodkin Arrow
25:07 Crossbowman
26:40 Town Watch
28:20 Ballistics
27:41 Treadmill Crane
28:11 Elite Skirmisher
29:11 Leather Archer Armor
37:07 Heavy Plow
43:11 Imperial Age
41:17 Bloodlines
41:08 Husbandry
42:22 Hand Cart
42:25 Light Cavalry
43:06 Husbandry
43:47 Silk Armor
44:01 Bracer
44:42 Conscription
44:41 Timurid Siegecraft
44:31 Heavy Cavalry Archer
45:22 Scale Barding Armor
45:27 Forging
46:00 Siege Engineers
46:56 Chemistry
46:31 Chain Barding Armor
48:23 Iron Casting
49:13 Masonry
48:59 Murder Holes
49:14 Fortified Wall
49:07 Town Patrol
49:46 Plate Barding Armor
49:11 Scale Mail Armor
50:12 Blast Furnace
48:44 Pikeman
49:24 Squires
j79609
5:49 Loom
9:27 Feudal Age
10:28 Double-Bit Axe
17:23 Forging
23:06 Castle Age
21:08 Horse Collar
22:06 Bloodlines
21:57 Gold Mining
22:56 Scale Barding Armor
24:07 Chain Barding Armor
26:40 Husbandry
28:43 Wheelbarrow
29:03 Bow Saw
30:39 Iron Casting
30:53 Hand Cart
40:03 Imperial Age
37:38 Padded Archer Armor
38:05 Heavy Plow
37:57 Treadmill Crane
38:48 Leather Archer Armor
38:26 Stone Mining
39:08 Masonry
41:07 Conscription
41:25 Plate Barding Armor
40:31 Heavy Camel Rider
42:45 Blast Furnace
43:09 Artillery
44:13 Architecture
44:58 Ring Archer Armor
45:53 Elite Janissary
46:28 Fletching
47:39 Gold Shaft Mining
Connection lost

Rejoining the realm…

Still unreachable

The connection could not be restored.

Session expired

The server has moved on; the page needs a fresh start.